Map: Orbital Shipyard

Players

Elroye

  • Race: Zerg Zerg
  • League: Grandmaster

Olk (Erik) - Winner!

  • Race: Zerg Zerg

Event: NationWars III

VOD

Have the link to the VOD?

Description

Time

  • Played on: Nov. 20, 2015, 2:13 p.m.
  • Length: 7:44
Show
View Real Time Build Order
Export as new Build Order

Elroye Zerg 

Build Orders: Hatch First 

Get SALT Encoding   

  12  0:01  Drone  
  13  0:12  Overlord  
  13  0:17  Drone  
  14  0:31  Drone x2  
  14  0:35  Drone  
  17  0:52  Hatchery  
  17  0:54  Drone  
  17  0:57  Drone  
  17  1:04  Extractor  
  17  1:13  Spawning Pool  
  17  1:15  Drone  
  17  1:19  Drone  
  18  1:31  Drone  
  19  1:43  Drone  
  20  1:52  Overlord  
  20  1:59  Queen  
  22  2:03  Queen  
  22  2:04  Drone  
  22  2:06  Zergling x2  
  26  2:11  Drone  
  27  2:15  Drone  
  27  2:22  Drone  
  29  2:25  Roach Warren  
  29  2:27  Drone  
  28  2:38  Drone  
  29  2:45  Drone  
  29  2:47  Drone  
  29  2:48  Drone  
  32  2:54  Lair  
  32  2:55  Drone  
  33  2:58  Overlord  
  33  3:05  Drone  
  34  3:10  Evolution Chamber  
  34  3:11  Drone, Extractor  
  34  3:12  Drone x3, Extractor  
  35  3:19  Roach  
  37  3:20  Roach  
  37  3:21  Drone  
  37  3:24  Drone  
  37  3:26  Drone  
  42  3:31  Overlord  
  42  3:33  Drone  
  43  3:38  Zerg Missile Weapons Level 1  
  42  3:44  Drone  
  43  3:49  Drone  
  44  3:56  Drone x2  
  44  3:57  Glial Reconstitution  
  44  3:59  Drone x2  
  48  4:03  Roach x2  
  52  4:16  Roach  
  52  4:19  Overlord x2  
  52  4:31  Queen  
  50  4:36  Overlord  
  50  4:37  Overlord  
  50  4:38  Roach x4  
  58  4:40  Roach  
  58  4:45  Roach x2  
  66  4:47  Roach  
  68  4:52  Overlord  
  68  4:59  Ravager x3  
  71  5:02  Drone  
  71  5:05  Ravager  
  73  5:13  Roach x2  
  73  5:14  Hatchery  
  76  5:17  Roach  
  76  5:19  Roach  
  80  5:24  Roach x2  
  84  5:30  Overlord x2  
  84  5:36  Overlord  
  84  5:49  Roach x2  
  88  5:50  Roach x2  
  92  5:58  Roach x2  
  85  6:15  Drone x4  
  85  6:17  Drone  
  86  6:18  Drone  
  86  6:19  Drone x2  
  86  6:23  Ravager  
  86  6:24  Drone  
  91  6:28  Drone  
  91  6:31  Overlord  
  86  6:44  Roach  
  86  6:45  Roach x3, Queen  
  90  6:49  Roach x4  
  90  6:50  Queen  
  102  6:54  Roach  
  102  6:57  Roach  
  102  6:58  Ravager  
  96  7:14  Roach x2  
  96  7:15  Roach x2  
  86  7:23  Roach x4  
Show
View Real Time Build Order
Export as new Build Order

Olk Zerg - Winner!

Build Orders: Pool First 

Get SALT Encoding   

  12  0:01  Drone  
  13  0:12  Overlord  
  13  0:17  Drone  
  14  0:31  Drone x2  
  16  0:41  Spawning Pool  
  15  0:44  Drone  
  15  0:48  Drone  
  17  1:08  Hatchery  
  16  1:11  Drone  
  16  1:15  Extractor  
  16  1:28  Queen  
  16  1:29  Zergling x2  
  16  1:32  Drone  
  20  1:36  Overlord  
  20  1:41  Drone  
  21  1:52  Drone  
  22  2:02  Drone  
  22  2:04  Queen  
  25  2:13  Drone  
  25  2:15  Metabolic Boost  
  26  2:21  Queen  
  26  2:22  Drone  
  29  2:27  Drone  
  30  2:32  Drone  
  30  2:35  Drone  
  30  2:36  Drone  
  33  2:45  Baneling Nest  
  33  2:49  Drone x3  
  34  2:56  Roach Warren  
  35  2:58  Drone x2  
  35  3:03  Overlord  
  36  3:06  Overlord  
  36  3:22  Zergling x2  
  36  3:23  Zergling x8  
  36  3:25  Drone  
  42  3:34  Overlord  
  42  3:37  Hatchery  
  42  3:40  Drone x2  
  43  3:41  Extractor  
  43  3:46  Overlord  
  42  3:50  Lair  
  42  3:53  Drone x2  
  44  3:56  Drone  
  45  4:04  Overlord  
  43  4:10  Drone x4  
  43  4:13  Drone  
  43  4:14  Drone x2  
  43  4:16  Evolution Chamber  
  48  4:30  Roach x4  
  55  4:36  Roach, Extractor  
  56  4:40  Overlord  
  56  4:43  Roach  
  57  4:45  Zerg Missile Weapons Level 1  
  57  4:48  Roach  
  57  4:49  Roach x2  
  63  4:54  Drone x2  
  63  4:58  Glial Reconstitution  
  63  4:59  Drone  
  67  5:00  Drone x2  
  67  5:03  Overlord  
  68  5:07  Roach  
  68  5:08  Roach  
  68  5:12  Overlord  
  72  5:17  Roach x2  
  76  5:22  Drone  
  76  5:23  Drone x3  
  76  5:26  Overlord  
  80  5:29  Roach  
  82  5:36  Roach x3  
  82  5:39  Drone x2  
  82  5:40  Extractor  
  82  5:41  Drone  
  82  5:42  Drone  
  91  5:47  Overlord  
  91  5:50  Roach  
  91  5:51  Roach  
  95  5:57  Ravager x2  
  95  5:58  Ravager  
  95  6:04  Queen  
  96  6:07  Roach x3  
  98  6:14  Roach  
  98  6:15  Roach  
  98  6:17  Zergling x10  
  98  6:18  Zergling x6  
  108  6:22  Roach x3  
  114  6:26  Overlord  
  114  6:27  Overlord  
  114  6:30  Overlord  
  114  6:40  Overlord  
  114  6:51  Roach x6  
  114  6:52  Roach x4  
  134  6:55  Drone x2  
  134  6:58  Overlord  
  135  7:06  Roach  
  135  7:07  Roach x3  
  136  7:15  Roach  
  138  7:16  Roach  
  136  7:24  Roach x2  
Tags
 
Add a new tag
Caveats
  • Supply blocks, unpowered buildings, or Contaminate may cause inaccurate times.
  • Supply counts are checked every 10 seconds.